Map: Overgrowth LE (Void)

Players

Musumeci

  • Race: Zerg Zerg
  • League: Diamond
  • Spawn Location: 1:00

LoveTool - Winner!

  • Race: Zerg Zerg
  • League: Diamond
  • Spawn Location: 7:00

VOD

Have the link to the VOD?

Description

Time

  • Played on: Jan. 9, 2017, 1:14 p.m.
  • Length: 9:11
Show
View Real Time Build Order
Export as new Build Order

Musumeci Zerg 

Build Orders: Hatch First 

Get SALT Encoding   

  12  0:01  Drone  
  13  0:08  Drone  
  14  0:15  Drone, Extractor  
  15  0:40  Hatchery  
  14  0:47  Drone, Extractor  
  15  1:02  Spawning Pool  
  14  1:11  Evolution Chamber  
  14  1:14  Drone  
  14  1:15  Extractor  
  14  1:17  Drone  
  14  1:26  Drone, Extractor  
  14  1:30  Overlord  
  16  1:51  Drone  
  16  1:52  Drone  
  16  1:53  Queen, Drone  
  21  2:02  Queen  
  23  2:12  Drone  
  23  2:13  Drone  
  25  2:18  Overlord  
  25  2:26  Zergling x4  
  27  2:31  Metabolic Boost  
  27  2:34  Drone  
  28  2:38  Zergling x2  
  29  2:47  Zergling x2  
  29  2:48  Zergling x4  
  32  3:12  Overlord  
  32  3:22  Overlord  
  32  3:25  Baneling Nest  
  31  3:31  Zergling x2  
  31  3:32  Zergling x8  
  35  3:48  Zergling x14  
  37  3:57  Zergling x2  
  37  3:59  Zergling x6  
  41  4:06  Evolution Chamber  
  40  4:10  Baneling x2  
  40  4:12  Baneling x2  
  39  4:50  Zerg Ground Armor Level 1  
  39  4:55  Zergling x2  
  39  4:56  Zergling x6  
  43  5:01  Overlord x3  
  40  5:36  Baneling x4  
  40  5:37  Baneling, Zergling x4  
  40  5:38  Zergling x20  
  52  5:50  Baneling x4  
  46  6:31  Baneling  
  46  6:32  Baneling x3  
  41  6:52  Zergling x28  
  53  6:59  Zergling x2  
  53  7:00  Zergling x4  
  56  7:06  Drone  
  56  7:07  Drone  
  58  7:11  Zerg Melee Weapons Level 1  
  58  7:21  Baneling  
  55  7:37  Zergling x18  
  55  7:38  Zergling x2  
  62  8:01  Hatchery  
  60  8:10  Drone x6  
  60  8:11  Drone x2  
  58  8:24  Zergling x6  
  55  8:32  Drone x2  
  55  8:33  Drone  
  58  8:45  Extractor  
  58  8:47  Drone x2  
  58  8:48  Extractor x2  
Show
View Real Time Build Order
Export as new Build Order

LoveTool Zerg - Winner!

Build Orders: Hatch First 

Get SALT Encoding   

  12  0:01  Drone  
  13  0:14  Overlord  
  13  0:23  Drone  
  14  0:33  Drone  
  14  0:34  Drone  
  16  0:38  Drone  
  17  0:54  Hatchery  
  16  0:58  Drone x2  
  18  1:05  Extractor  
  17  1:18  Spawning Pool  
  17  1:21  Drone x2  
  18  1:30  Drone  
  19  1:47  Drone  
  19  1:52  Overlord  
  20  2:06  Queen  
  22  2:08  Queen  
  22  2:11  Zergling x2  
  25  2:17  Metabolic Boost  
  25  2:21  Zergling x2  
  26  2:25  Zergling x2  
  27  2:30  Drone x2  
  27  2:33  Drone  
  30  2:45  Drone x3  
  33  3:00  Zergling x2  
  33  3:01  Zergling x4  
  36  3:12  Overlord x2  
  35  3:30  Overlord x2  
  35  3:32  Zergling x8  
  39  3:37  Baneling Nest  
  38  3:52  Zergling x14  
  38  3:53  Zergling x4  
  47  4:02  Drone x2  
  49  4:09  Zergling x2  
  46  4:29  Zergling x12  
  46  4:30  Baneling x2  
  51  4:33  Hatchery  
  50  4:41  Zergling x8  
  50  4:42  Zergling x2  
  53  4:48  Zergling x2  
  54  4:55  Baneling x2  
  54  4:56  Baneling  
  54  5:04  Baneling x6  
  54  5:05  Baneling x5  
  54  5:09  Drone x4  
  54  5:11  Extractor  
  53  5:28  Drone x5  
  56  5:56  Zergling x20  
  66  5:58  Queen  
  66  6:04  Drone x2  
  69  6:05  Roach Warren  
  61  6:25  Zergling x2  
  61  6:26  Zergling x14  
  56  6:55  Roach x9  
  72  7:06  Roach  
  72  7:08  Overlord x4  
  74  7:13  Evolution Chamber  
  67  7:24  Roach x3  
  71  7:35  Roach  
  71  7:36  Roach x7  
  83  7:48  Baneling x2  
  82  7:55  Roach x5  
  82  7:56  Roach  
  94  8:01  Zergling x2  
  94  8:02  Zergling x8  
  98  8:13  Lair  
  98  8:14  Drone  
  98  8:15  Drone x2  
  98  8:17  Extractor  
  90  8:40  Baneling  
  91  8:41  Zergling x20  
  91  8:42  Zergling x4  
  102  8:49  Evolution Chamber  
  102  8:52  Baneling x3  
Tags
 
Add a new tag
Caveats
  • Supply blocks, unpowered buildings, or Contaminate may cause inaccurate times.
  • Supply counts are checked every 10 seconds.